[Event "SR 2. liga A 2004/2005"]
[Site "?"]
[Date "2005.01.22"]
[Round "7.5"]
[White "Szollos, Ondrej"]
[Black "Kebis, Milos"]
[Result "1-0"]
[ECO "B50"]
[WhiteElo "2101"]
[BlackElo "2097"]
[PlyCount "95"]
[EventDate "2004.??.??"]
[TimeControl "240+2"]

{48MB, Fritz8.ctg, FRATRIC-A552EF0} 1. Nf3 g6 2. d3 Bg7 3. c3 Nf6 4. e4 d6 5.
Be2 O-O 6. Nbd2 c5 7. O-O Nc6 8. Re1 b5 9. Qc2 Bb7 10. Nf1 Rc8 11. Ng3 Qb6 12.
h3 Rfe8 13. Bg5 h6 14. Be3 e5 15. Rad1 Kh7 16. Nh2 Nd4 17. Qb1 Ne6 18. Ng4 Qd8
19. Qc1 Ng8 20. Bf1 h5 21. Nh2 Rf8 22. Nf3 Bf6 23. Qd2 h4 24. Ne2 g5 25. Nh2
Nh6 26. f3 Rc7 27. d4 Qe8 28. d5 Nf4 29. b4 c4 30. Nxf4 gxf4 31. Bxa7 Bc8 32.
Bb6 Rb7 33. Bf2 Bd7 34. Re2 Qa8 35. Qe1 Qd8 36. Rb2 Qe7 37. a4 bxa4 38. Bxc4
Ra8 39. Ra2 Rc7 40. Bf1 Qd8 41. c4 Rcc8 42. Rda1 Rc7 43. b5 Qe7 44. Rxa4 Rg8
45. Kh1 Rb8 {Time 1:40-2:47} 46. Ra7 Rbb7 47. R1a2 Qd8 48. b6 1-0

[Event "SR 2. liga A 2004/2005"]
[Site "?"]
[Date "2005.01.22"]
[Round "7.6"]
[White "Sukuba, Zdeno"]
[Black "Syrovy, Ivan"]
[Result "1/2-1/2"]
[ECO "A38"]
[WhiteElo "2102"]
[BlackElo "2069"]
[PlyCount "63"]
[EventDate "2004.??.??"]
[TimeControl "240+2"]

{48MB, Fritz8.ctg, FRATRIC-A552EF0} 1. Nf3 Nf6 2. c4 d6 3. g3 c5 4. Bg2 Nc6 5.
O-O g6 6. d4 cxd4 7. Nxd4 Bd7 8. Nc3 Bg7 9. Nc2 O-O 10. b3 Rb8 11. Bb2 Qa5 12.
Nd5 Nxd5 13. Bxg7 Nc3 14. Bxc3 Qxc3 15. Ne3 Qe5 16. Rc1 Nd4 17. Qd2 Bc6 18.
Rfd1 Bxg2 19. Kxg2 Nc6 20. b4 Qe4+ 21. f3 Qe6 22. Nd5 Ne5 23. e4 Rbc8 24. Qd4
Nc6 25. Qe3 b6 26. a3 Ne5 27. Qd4 Rfe8 28. h3 Nc6 29. Qf2 Ne5 30. Qe2 Rc6 31.
f4 Nd7 32. Qf3 {Time 1:52-1:33} 1/2-1/2

[Event "SR 2. liga A 2004/2005"]
[Site "?"]
[Date "2005.01.22"]
[Round "7.7"]
[White "Ac, Alexander"]
[Black "Mandak, Miroslav"]
[Result "1/2-1/2"]
[ECO "C90"]
[WhiteElo "2088"]
[BlackElo "2051"]
[PlyCount "117"]
[EventDate "2004.??.??"]
[TimeControl "240+2"]

{48MB, Fritz8.ctg, FRATRIC-A552EF0} 1. e4 e5 2. Nf3 Nc6 3. Bb5 a6 4. Ba4 Nf6 5.
O-O Be7 6. Re1 b5 7. Bb3 d6 8. h3 Na5 9. c3 Nxb3 10. axb3 Bb7 11. d3 O-O 12. c4
Nd7 13. Nc3 c6 14. Qd2 Nc5 15. Qc2 Ne6 16. g4 Qd7 17. Ne2 f6 18. Ng3 g6 19. Bh6
Rfe8 20. Be3 d5 21. Rad1 Bb4 22. Rf1 Qe7 23. Nd2 Bc5 24. Nf3 Rac8 25. Kg2 Red8
26. Ne2 Rc7 27. Rc1 Bxe3 28. fxe3 dxe4 29. dxe4 Rcd7 30. Rcd1 b4 31. Rxd7 Rxd7
32. Rd1 c5 33. Ng3 Qd8 34. Rxd7 Qxd7 35. Qd2 Qf7 36. Qd6 Kg7 37. g5 Nxg5 38.
Nxg5 fxg5 39. Qxe5+ Kh6 40. Qxc5 Qe8 41. Kf3 Qf7+ 42. Ke2 a5 43. Qxa5 Bc8 44.
Qxb4 Bxh3 45. Qd6 Bg4+ 46. Kd3 Qf2 47. Qe5 Bd1 48. c5 Qc2+ 49. Kd4 Qxb2+ 50.
Kd5 Bxb3+ 51. Kd6 Qd2+ 52. Ke7 Qa5 53. Nf5+ gxf5 54. Qh2+ Kg7 55. Qe5+ Kh6 56.
Qd6+ Kh5 57. c6 Qc3 58. e5 Bc4 59. c7 {Time 2:59-2:58} 1/2-1/2

[Event "SR 2. liga A 2004/2005"]
[Site "?"]
[Date "2005.01.22"]
[Round "7.8"]
[White "Povysil, Peter"]
[Black "Toth_Vano, Peter"]
[Result "1/2-1/2"]
[ECO "D05"]
[WhiteElo "2078"]
[BlackElo "2055"]
[PlyCount "53"]
[EventDate "2004.??.??"]
[TimeControl "240+2"]

{48MB, Fritz8.ctg, FRATRIC-A552EF0} 1. Nf3 Nf6 2. e3 d5 3. Be2 c5 4. d4 e6 5.
O-O Nbd7 6. c4 b6 7. cxd5 Nxd5 8. e4 N5f6 9. Nc3 Bb7 10. Bg5 Be7 11. d5 exd5
12. exd5 Nxd5 13. Nxd5 Bxg5 14. Nxg5 Qxg5 15. Ne3 O-O-O 16. Qa4 Rhe8 17. Ba6
Kb8 18. Bxb7 Kxb7 19. Rad1 Nb8 20. Rxd8 Qxd8 21. Rd1 Qe7 22. h3 Rd8 23. Rxd8
Qxd8 24. Qe4+ Nc6 25. Qxh7 Qd4 26. Qf5 Ne5 27. b3 1/2-1/2

[Event "SR 2. liga A 2004/2005"]
[Site "?"]
[Date "2005.03.19"]
[Round "10.1"]
[White "Smolen, Jan"]
[Black "Duben, Igor"]
[Result "1/2-1/2"]
[ECO "C10"]
[WhiteElo "2356"]
[BlackElo "2187"]
[PlyCount "52"]
[EventDate "2004.??.??"]
[TimeControl "240+2"]

{48MB, Fritz8.ctg, FRATRIC-A552EF0} 1. e4 e6 2. d4 d5 3. Nd2 dxe4 4. Nxe4 Nd7
5. Bd3 Ngf6 6. Qe2 Be7 7. Nf3 O-O 8. Bg5 c5 9. dxc5 Nxc5 10. Nxc5 Qa5+ 11. Bd2
Qxc5 12. O-O b6 13. Ne5 Bb7 14. c4 Rad8 15. Bc3 Nd7 16. b4 Qc7 17. Qh5 f5 18.
Nxd7 Rxd7 19. Qe2 Qc6 20. f3 e5 21. Rfe1 Bd6 22. c5 Bxc5+ 23. Kh1 Bd4 24. Bb5
Qxc3 25. Bxd7 Qxb4 26. Rac1 Qd6 1/2-1/2

[Event "SR 2. liga A 2004/2005"]
[Site "?"]
[Date "2005.03.19"]
[Round "10.2"]
[White "Polacik, Igor"]
[Black "Kralovic, Andrej"]
[Result "1/2-1/2"]
[ECO "B11"]
[WhiteElo "2014"]
[BlackElo "2062"]
[PlyCount "68"]
[EventDate "2004.??.??"]
[TimeControl "240+2"]

{48MB, Fritz8.ctg, FRATRIC-A552EF0} 1. e4 c6 2. Nc3 d5 3. Nf3 Bg4 4. h3 Bxf3 5.
Qxf3 e6 6. Be2 Nf6 7. d3 Bb4 8. e5 d4 9. a3 dxc3 10. axb4 Qd4 11. Qe3 Qxe3 12.
Bxe3 cxb2 13. Rb1 Nd5 14. Rxb2 Nxe3 15. fxe3 Nd7 16. d4 a6 17. O-O Ke7 18. c4
Rhc8 19. Bf3 Rc7 20. Ra1 Rac8 21. Be4 h6 22. Kf2 Nb6 23. Bd3 Nd7 24. Ra5 Nb8
25. Ra1 Nd7 26. Be2 g6 27. Raa2 f6 28. exf6+ Nxf6 29. Bf3 Rf8 30. Ke2 e5 31.
dxe5 Nd7 32. b5 axb5 33. cxb5 Nxe5 34. Ra7 Rfc8 1/2-1/2

[Event "SR 2. liga A 2004/2005"]
[Site "?"]
[Date "2005.03.10"]
[Round "10.3"]
[White "Szollos, Ondrej"]
[Black "Marko, Vladimir"]
[Result "1-0"]
[ECO "A06"]
[WhiteElo "2101"]
[BlackElo "2037"]
[PlyCount "125"]
[EventDate "2004.??.??"]
[TimeControl "240+2"]

{48MB, Fritz8.ctg, FRATRIC-A552EF0} 1. Nf3 d5 2. d3 c5 3. c3 Nc6 4. Qc2 Bg4 5.
Nbd2 Nf6 6. e4 d4 7. Be2 e5 8. O-O Bd6 9. Re1 O-O 10. Nf1 h6 11. Ng3 Rc8 12.
Nh4 Re8 13. Nhf5 Bf8 14. Bxg4 Nxg4 15. Qe2 Nf6 16. c4 Kh7 17. Nf1 g6 18. N5g3
Ng8 19. h3 Bg7 20. Bd2 a6 21. a3 b5 22. b3 Rb8 23. Rab1 b4 24. axb4 Nxb4 25.
Rb2 Ne7 26. Qf3 Nec6 27. Ra1 Qf6 28. Qe2 Qe6 29. h4 f5 30. h5 f4 31. hxg6+ Qxg6
32. Nf5 Rb7 33. Nh2 Rg8 34. Bxb4 Bf6 35. f3 Nxb4 36. Ra5 Rc7 37. Rd2 h5 38. Qf2
Rc6 39. Ra3 Bd8 40. Kh1 Qg5 41. Ra1 Re6 42. Rg1 Nc6 43. g4 h4 44. Ra1 a5 45.
Nf1 Rh8 46. Kh2 Ne7 47. Kh3 Ng6 48. Rda2 Ra6 49. Nd2 Bc7 50. Nb1 Rha8 51. Ra4
Qf6 52. Na3 Bd8 53. Nb5 Kg8 54. Rg1 Qg5 55. Qe1 Rc6 56. Qa1 Rca6 57. Qa3 Bb6
58. Qa2 Bd8 59. Na3 R8a7 60. Nc2 Be7 61. b4 cxb4 62. c5+ Kf8 63. Nxb4 1-0

[Event "SR 2. liga A 2004/2005"]
[Site "?"]
[Date "2005.03.19"]
[Round "10.4"]
[White "Slovik, Vojtech"]
[Black "Syrovy, Ivan"]
[Result "1-0"]
[ECO "B13"]
[WhiteElo "2032"]
[BlackElo "2069"]
[PlyCount "93"]
[EventDate "2004.??.??"]
[TimeControl "240+2"]

{48MB, Fritz8.ctg, FRATRIC-A552EF0} 1. e4 c6 2. d4 d5 3. exd5 cxd5 4. Bd3 Nc6
5. c3 g6 6. h3 Bg7 7. Qb3 Nf6 8. Bf4 Nh5 9. Bh2 f5 10. Ne2 e6 11. Nf4 Qg5 12.
Nxh5 Qxh5 13. Bd6 Qg5 14. O-O Qd8 15. Bc5 Bf8 16. Bxf8 Kxf8 17. Nd2 Rg8 18.
Rfe1 g5 19. Re3 Qc7 20. Rae1 Bd7 21. Qd1 Re8 22. Qh5 Re7 23. Qh6+ Ke8 24. Bxf5
exf5 25. Qxh7 Be6 26. Rxe6 Rf8 27. Qg6+ Kd7 28. Rxe7+ Nxe7 29. Qxg5 Qd6 30. Qg7
Qf6 31. Qxf6 Rxf6 32. Nf3 Ra6 33. a3 Rb6 34. Re2 Kd6 35. Ng5 Kd7 36. h4 Nc6 37.
b4 a5 38. Nf7 Ne7 39. Ne5+ Kd6 40. c4 Ra6 41. c5+ Kc7 42. Nf7 Ng8 43. b5 Rg6
44. b6+ Kc8 45. Nd6+ Kd7 46. Nxb7 Rg4 47. Nxa5 1-0

[Event "SR 2. liga A 2004/2005"]
[Site "?"]
[Date "2005.03.19"]
[Round "10.5"]
[White "Bednar, Miroslav"]
[Black "Sabolik, Frantisek"]
[Result "0-1"]
[ECO "B07"]
[WhiteElo "2066"]
[BlackElo "2129"]
[PlyCount "72"]
[EventDate "2004.??.??"]
[TimeControl "240+2"]

{48MB, Fritz8.ctg, FRATRIC-A552EF0} 1. e4 d6 2. f4 g6 3. Nf3 Bg7 4. Nc3 c6 5.
g3 Bg4 6. Bg2 Na6 7. h3 Bxf3 8. Qxf3 Nb4 9. Qd1 e5 10. d3 Nf6 11. a3 Na6 12. g4
Nd7 13. O-O Nac5 14. f5 g5 15. b4 Na6 16. Be3 Nc7 17. a4 Bf6 18. Ne2 h6 19. c3
Be7 20. Qb3 O-O 21. Ng3 Nf6 22. d4 Nce8 23. Rad1 Qc7 24. Bf3 Nd7 25. f6 Bxf6
26. Nf5 Kh7 27. h4 Ng7 28. Be2 Nxf5 29. Rxf5 Kg6 30. Rdf1 Qd8 31. hxg5 hxg5 32.
Qb2 Qe7 33. c4 Rae8 34. Qd2 exd4 35. Bxd4 Bxd4+ 36. Qxd4 Qxe4 {Time 2:00-1:59}
0-1

[Event "SR 2. liga A 2004/2005"]
[Site "?"]
[Date "2005.03.19"]
[Round "10.6"]
[White "Hricak, Vasil"]
[Black "Ac, Alexander"]
[Result "1-0"]
[ECO "C08"]
[WhiteElo "2014"]
[BlackElo "2089"]
[PlyCount "81"]
[EventDate "2004.??.??"]
[TimeControl "240+2"]

{48MB, Fritz8.ctg, FRATRIC-A552EF0} 1. e4 e6 2. d4 d5 3. Nd2 c5 4. exd5 exd5 5.
Ngf3 Nf6 6. Bb5+ Bd7 7. Bxd7+ Nbxd7 8. O-O Be7 9. dxc5 Nxc5 10. Nb3 O-O 11.
Nxc5 Bxc5 12. Bg5 Rc8 13. c3 Rc6 14. Nd4 Rb6 15. Rb1 h6 16. Bh4 Qd7 17. Re1 g5
18. Bg3 Ne4 19. Nb3 Rxb3 20. axb3 Qf5 21. Qf3 Qxf3 22. gxf3 Nd2 23. Kg2 Nxb1
24. Rxb1 f5 25. b4 Bb6 26. Bd6 Re8 27. Bc5 Bxc5 28. bxc5 Kf7 29. Rd1 Ke6 30.
Re1+ Kd7 31. Rxe8 Kxe8 32. f4 Kd7 33. fxg5 hxg5 34. f4 g4 35. Kg3 Ke6 36. Kh4
d4 37. cxd4 Kd5 38. Kg5 Kxd4 39. Kxf5 Kxc5 40. Ke6 b5 41. f5 1-0

[Event "SR 2. liga A 2004/2005"]
[Site "?"]
[Date "2005.03.19"]
[Round "10.7"]
[White "Toth_Vano, Peter"]
[Black "Vrba, Michal"]
[Result "1/2-1/2"]
[ECO "B01"]
[WhiteElo "2055"]
[BlackElo "1879"]
[PlyCount "44"]
[EventDate "2004.??.??"]
[TimeControl "240+2"]

{48MB, Fritz8.ctg, FRATRIC-A552EF0} 1. e4 d5 2. exd5 Qxd5 3. Nc3 Qa5 4. d4 c6
5. Nf3 Nf6 6. Bd2 Bf5 7. Bc4 Qc7 8. Ne5 e6 9. Qe2 Nbd7 10. Bf4 Bd6 11. h3 Nb6
12. Bd3 Bxd3 13. Qxd3 O-O-O 14. Ne4 Nxe4 15. Qxe4 Nd5 16. Bh2 f6 17. Nf3 Bxh2
18. Nxh2 Qa5+ 19. c3 Nxc3 20. Qxe6+ Kb8 21. O-O Nd5 22. Qf7 Qc7 1/2-1/2

[Event "SR 2. liga A 2004/2005"]
[Site "?"]
[Date "2005.03.19"]
[Round "10.8"]
[White "Lutter, Ladislav"]
[Black "Fratric, Igor"]
[Result "0-1"]
[ECO "B12"]
[WhiteElo "2036"]
[BlackElo "1930"]
[PlyCount "116"]
[EventDate "2004.??.??"]
[TimeControl "240+2"]

{48MB, Fritz8.ctg, FRATRIC-A552EF0} 1. d4 c6 2. e4 d5 3. e5 Bf5 4. Bd3 Bxd3 5.
Qxd3 e6 6. Nf3 Qa5+ 7. c3 Qa6 8. Qe3 c5 9. dxc5 Nd7 10. b4 b6 11. c6 Nb8 12.
Nd4 Qc8 13. b5 a6 14. Qe2 Ne7 15. Bg5 axb5 16. Bxe7 Bxe7 17. Qxb5 Qc7 18. O-O
Ra5 19. Qd3 Qxe5 20. Nd2 O-O 21. Rfe1 Qc7 22. N2b3 Ra8 23. Qb5 Rc8 24. Qe2 Nxc6
25. Nb5 Qd7 26. Qg4 Bf6 27. Qe2 Na5 28. Qd3 Nc4 29. a4 Nb2 30. Qc2 Nxa4 31.
N3d4 Nc5 32. Reb1 Ne4 33. Qb2 Nd6 34. g3 Nxb5 35. Nxb5 Qc6 36. Rc1 Rxa1 37.
Rxa1 g6 38. Ra3 Ra8 39. Rb3 Qc4 40. Kg2 Be7 41. Nd4 Bc5 42. Nf3 Ra1 43. Nd2 Qa4
44. Rxb6 Bxb6 45. Qxb6 Qa7 46. Qd8+ Kg7 47. Qg5 Ra2 48. Qf4 Qc5 49. g4 Qxc3 50.
Nf3 Qf6 51. Qd6 Qb2 52. Qc5 Ra3 53. Ng5 Ra6 54. h4 h6 55. Nxf7 Qb6 56. Qc1 Kxf7
57. Qxh6 Qd4 58. Qg5 Ra2 0-1

[Event "SR 2. liga A 2004/2005"]
[Site "?"]
[Date "2005.03.20"]
[Round "11.1"]
[White "Matejovic, Juraj"]
[Black "Smolen, Jan"]
[Result "0-1"]
[ECO "B07"]
[WhiteElo "2204"]
[BlackElo "2356"]
[PlyCount "54"]
[EventDate "2004.??.??"]
[TimeControl "240+2"]

{48MB, Fritz8.ctg, FRATRIC-A552EF0} 1. Nf3 d6 2. e4 Bg4 3. Bc4 e6 4. d4 Nf6 5.
Nbd2 c6 6. c3 Be7 7. Qe2 O-O 8. h3 Bh5 9. g4 Bg6 10. e5 Nd5 11. Ne4 Bxe4 12.
exd6 Qxd6 13. Qxe4 Nd7 14. g5 c5 15. Bd3 f5 16. gxf6 N5xf6 17. Qe2 Nd5 18. Bd2
Nf4 19. Bxf4 Qxf4 20. Qxe6+ Kh8 21. Qe4 Qh6 22. Nd2 Bg5 23. O-O-O Rxf2 24. Qe1
Raf8 25. Rf1 Rxf1 26. Bxf1 cxd4 27. cxd4 Qg6 0-1

[Event "SR 2. liga A 2004/2005"]
[Site "?"]
[Date "2005.03.20"]
[Round "11.2"]
[White "Kralovic, Andrej"]
[Black "Chovanec, Vladimir"]
[Result "0-1"]
[ECO "A23"]
[WhiteElo "2062"]
[BlackElo "2077"]
[PlyCount "36"]
[EventDate "2004.??.??"]
[TimeControl "240+2"]

{48MB, Fritz8.ctg, FRATRIC-A552EF0} 1. c4 e5 2. Nc3 Nf6 3. g3 c6 4. Bg2 d5 5.
cxd5 cxd5 6. Qb3 Nc6 7. Nxd5 Nd4 8. Nxf6+ Qxf6 9. Qd1 Bf5 10. d3 Rc8 11. Kf1
Qa6 12. Be3 Bc5 13. Bxd4 Bxd4 14. Qb3 Rc7 15. Bd5 O-O 16. e4 Bd7 17. Bc4 Qf6
18. f3 Bh3+ 0-1

[Event "SR 2. liga A 2004/2005"]
[Site "?"]
[Date "2005.03.20"]
[Round "11.3"]
[White "Bury, Rastislav"]
[Black "Szollos, Ondrej"]
[Result "1-0"]
[ECO "B12"]
[WhiteElo "2101"]
[BlackElo "2053"]
[PlyCount "99"]
[EventDate "2004.??.??"]
[TimeControl "240+2"]

{48MB, Fritz8.ctg, FRATRIC-A552EF0} 1. d4 c6 2. Nf3 d6 3. e4 Bg4 4. Be2 Qc7 5.
h3 Bxf3 6. Bxf3 e5 7. Be3 Nf6 8. O-O Be7 9. Nc3 Nbd7 10. a4 Nf8 11. g3 Ng6 12.
Bg2 O-O 13. Qe2 Rfd8 14. Rad1 a6 15. d5 Rac8 16. dxc6 Qxc6 17. f4 Nf8 18. g4
Ne6 19. g5 Nd7 20. Nd5 Bf8 21. f5 Nc7 22. Nc3 b5 23. axb5 axb5 24. Rf2 b4 25.
Nd5 Nxd5 26. Rxd5 Rb8 27. Qh5 Rb5 28. Rd3 b3 29. cxb3 Qb7 30. g6 Nf6 31. gxf7+
Kh8 32. Qh4 Qxf7 33. Bg5 Be7 34. Bxf6 Bxf6 35. Qg3 Qe7 36. Rc2 Bg5 37. Bf1 Rb6
38. Rdc3 Bf4 39. Qf2 Rbb8 40. Bc4 Ra8 41. Bf1 Qf6 42. b4 Rg8 43. Bc4 Ra1+ 44.
Kg2 Qg5+ 45. Kf3 Rg1 46. Ke2 Rg2 47. Bxg8 Rxf2+ 48. Kxf2 Kxg8 49. Rc8+ Kf7 50.
R2c7+ 1-0

[Event "SR 2. liga A 2004/2005"]
[Site "?"]
[Date "2005.03.20"]
[Round "11.4"]
[White "Syrovy, Ivan"]
[Black "Lauf, Pavol"]
[Result "1/2-1/2"]
[ECO "B07"]
[WhiteElo "2069"]
[BlackElo "2120"]
[PlyCount "171"]
[EventDate "2004.??.??"]
[TimeControl "240+2"]

{48MB, Fritz8.ctg, FRATRIC-A552EF0} 1. e4 g6 2. d4 Bg7 3. f4 d6 4. Nf3 Nf6 5.
Bd3 c5 6. dxc5 Qa5+ 7. c3 Qxc5 8. Qe2 Nc6 9. Be3 Qa5 10. Nbd2 Bg4 11. O-O O-O
12. Qf2 Qc7 13. Qh4 Qd7 14. h3 Bxf3 15. Nxf3 d5 16. e5 Ne4 17. Rad1 Qc7 18.
Bxe4 dxe4 19. Ng5 h6 20. Nxe4 Rad8 21. Qf2 b6 22. Qe2 Rxd1 23. Rxd1 Rd8 24. Kf2
Rxd1 25. Qxd1 Nd8 26. Qd5 Ne6 27. c4 g5 28. f5 Nf4 29. Bxf4 gxf4 30. f6 exf6
31. exf6 Bf8 32. a3 Bc5+ 33. Nxc5 bxc5 34. Qa8+ Kh7 35. Qf8 Kg6 36. Qg7+ Kf5
37. Qxh6 Qb7 38. Qh5+ Kxf6 39. Qxc5 Qxb2+ 40. Kf3 Qd2 41. h4 Kg7 42. Qe5+ Kg8
43. Qxf4 Qd3+ 44. Kg4 Qxa3 45. Qg5+ Kh7 46. Qf4 Kg8 47. Kh5 Qd3 48. Qg5+ Kf8
49. c5 a5 50. c6 Qh7+ 51. Kg4 Qe4+ 52. Kh3 Qe6+ 53. Kh2 Qd6+ 54. Qg3 Qxc6 55.
Qa3+ Kg8 56. Qxa5 Qe4 57. Qd8+ Kg7 58. Qg5+ Kh7 59. Qf6 Qd5 60. Qf4 Qb3 61. Qf3
Qa2 62. Kh3 Kg7 63. g4 Qe6 64. h5 Qe5 65. Qg3 Qg5 66. Qf2 Qe5 67. Qd2 Kh7 68.
Kh4 Qe7+ 69. g5 Qe4+ 70. Kg3 Qe5+ 71. Qf4 Qe1+ 72. Kg4 Qe2+ 73. Qf3 Qc4+ 74.
Kh3 Qe6+ 75. Kh4 Qc4+ 76. Qg4 Qc5 77. Qf4 Qd5 78. h6 Qh1+ 79. Kg4 Qg2+ 80. Kf5
Qd5+ 81. Kg4 Qg2+ 82. Qg3 Qe4+ 83. Kh3 Qh1+ 84. Qh2 Qf3+ 85. Kh4 Qe4+ 86. Kh5
1/2-1/2

[Event "SR 2. liga A 2004/2005"]
[Site "?"]
[Date "2005.03.20"]
[Round "11.5"]
[White "Bednar, Jan"]
[Black "Bednar, Miroslav"]
[Result "1-0"]
[ECO "C41"]
[WhiteElo "2103"]
[BlackElo "2066"]
[PlyCount "43"]
[EventDate "2004.??.??"]
[TimeControl "240+2"]

{48MB, Fritz8.ctg, FRATRIC-A552EF0} 1. e4 e5 2. Nf3 d6 3. d4 Nf6 4. Nc3 Nbd7 5.
Bc4 Be7 6. O-O O-O 7. Bg5 c6 8. Qe2 Qc7 9. Rad1 b6 10. Nh4 exd4 11. Nf5 Nc5 12.
Nxd4 a5 13. Rfe1 b5 14. Bd3 b4 15. Nb1 Nxd3 16. Qxd3 d5 17. e5 Ne4 18. Bxe7
Qxe7 19. Nxc6 Qc7 20. Qxd5 Nxf2 21. Qc5 Re8 22. Ne7+ 1-0

[Event "SR 2. liga A 2004/2005"]
[Site "?"]
[Date "2005.03.20"]
[Round "11.6"]
[White "Ac, Alexander"]
[Black "Stefan, Oldrich"]
[Result "1-0"]
[ECO "B59"]
[WhiteElo "2088"]
[BlackElo "2085"]
[PlyCount "65"]
[EventDate "2004.??.??"]
[TimeControl "240+2"]

{48MB, Fritz8.ctg, FRATRIC-A552EF0} 1. e4 c5 2. Nf3 Nc6 3. d4 cxd4 4. Nxd4 Nf6
5. Nc3 d6 6. Be2 e5 7. Nb3 Be7 8. O-O O-O 9. Kh1 a5 10. a4 Nb4 11. f4 Be6 12.
f5 Bxb3 13. cxb3 d5 14. exd5 Nfxd5 15. Bf3 Nxc3 16. bxc3 Nc6 17. Bd5 Bf6 18.
Qf3 Rc8 19. Ba3 Re8 20. Rad1 Qb6 21. Qh5 Nd8 22. Bc4 Rc7 23. g4 Be7 24. Bc1
Rxc4 25. bxc4 Qc6+ 26. Rd5 Qxc4 27. Rfd1 Qxc3 28. g5 g6 29. fxg6 fxg6 30. Qg4
Qc6 31. Qd7 Bf8 32. Rf1 Bc5 33. Qxc6 1-0

[Event "SR 2. liga A 2004/2005"]
[Site "?"]
[Date "2005.03.20"]
[Round "11.7"]
[White "Gettler, Daniel"]
[Black "Toth_Vano, Peter"]
[Result "0-1"]
[ECO "C44"]
[WhiteElo "2055"]
[BlackElo "2105"]
[PlyCount "50"]
[EventDate "2004.??.??"]
[TimeControl "240+2"]

{48MB, Fritz8.ctg, FRATRIC-A552EF0} 1. e4 Nf6 2. d3 e5 3. Nf3 Nc6 4. g3 Bc5 5.
Bg2 O-O 6. O-O d6 7. c3 Bg4 8. a4 a6 9. b4 Ba7 10. h3 Bh5 11. g4 Bg6 12. Bg5
Qd7 13. Bxf6 gxf6 14. Kh2 Nd8 15. Ng1 Ne6 16. Ne2 c5 17. f4 exf4 18. Nxf4 Nxf4
19. Rxf4 cxb4 20. Qb3 d5 21. Rxf6 dxe4 22. Qxb4 Qxd3 23. Na3 Bb8+ 24. Kh1 Be5
25. Rff1 Bxc3 0-1

[Event "SR 2. liga A 2004/2005"]
[Site "?"]
[Date "2005.03.20"]
[Round "11.8"]
[White "Nagy, Edmund"]
[Black "Gursky, Stefan"]
[Result "1/2-1/2"]
[ECO "E14"]
[WhiteElo "1984"]
[BlackElo "2136"]
[PlyCount "53"]
[EventDate "2004.??.??"]
[TimeControl "240+2"]

{48MB, Fritz8.ctg, FRATRIC-A552EF0} 1. d4 d5 2. c4 e6 3. Nf3 Nf6 4. e3 Be7 5.
Bd3 b6 6. cxd5 exd5 7. O-O O-O 8. Nc3 Bb7 9. Re1 Nbd7 10. e4 dxe4 11. Nxe4 c5
12. dxc5 Nxe4 13. Bxe4 Bxe4 14. Rxe4 Nxc5 15. Rd4 Qc8 16. Bg5 Bxg5 17. Nxg5 h6
18. Nf3 Rd8 19. Rc1 Rxd4 20. Qxd4 Qe8 21. Re1 Qd7 22. Qxd7 Nxd7 23. g3 Rc8 24.
Nd4 a6 25. b3 Nf6 26. Kg2 Rd8 27. Nf3 1/2-1/2

[Event "SR 2. liga A 2006/2007"]
[Site "?"]
[Date "2006.10.14"]
[Round "1.1"]
[White "Tibensky, Robert"]
[Black "Puchart, Vladimir"]
[Result "1-0"]
[ECO "E14"]
[WhiteElo "2409"]
[BlackElo "2076"]
[PlyCount "37"]
[EventDate "2006.??.??"]
[TimeControl "240+2"]

{89MB, Fritz8.ctg, KAIKO-2PTA9HT0L} 1. d4 Nf6 2. Nf3 e6 3. e3 c5 4. Bd3 Nc6 5.
O-O d5 6. b3 Be7 7. Bb2 O-O 8. c4 b6 9. Nc3 Bb7 10. Qe2 cxd4 11. exd4 Rc8 12.
Rfd1 Nb4 13. Bb1 Qd6 14. Ne5 Rfd8 15. Qe3 Nc6 16. a4 Na5 17. Ba2 Qb8 18. Ne2
Bd6 19. Rac1 $138 1-0

[Event "SR 2. liga A 2006/2007"]
[Site "?"]
[Date "2006.10.14"]
[Round "1.2"]
[White "Stetina, Erik"]
[Black "Maslik, Miroslav"]
[Result "1/2-1/2"]
[ECO "B22"]
[WhiteElo "2100"]
[BlackElo "2255"]
[PlyCount "150"]
[EventDate "2006.??.??"]
[TimeControl "240+2"]

{89MB, Fritz8.ctg, KAIKO-2PTA9HT0L} 1. e4 c5 2. d4 cxd4 3. c3 Nf6 4. e5 Nd5 5.
Bc4 Nb6 6. Bb3 Nc6 7. Nf3 g6 8. cxd4 Bg7 9. Bd2 O-O 10. O-O d6 11. Bc3 Bg4 12.
Re1 dxe5 13. d5 Nd4 14. Nbd2 Nxd5 15. Bxd4 exd4 16. h3 Bf5 17. Nc4 Nf4 18. Nce5
Be6 19. Bxe6 Nxe6 20. Nxf7 Rxf7 21. Rxe6 Qd5 22. Re2 Rd8 23. Qd3 Bf6 24. Nd2 e5
25. Ne4 Kg7 26. Rc1 b6 27. b3 Rdd7 28. Rec2 Bh4 29. f3 Bd8 30. Rc6 Rc7 31. Qc4
Qxc4 32. R1xc4 Rcd7 33. Kf1 $11 b5 34. R4c5 d3 35. Ke1 d2+ 36. Kd1 Rd3 37. Rxb5
Rfd7 38. Rc3 Rxc3 39. Nxc3 Bg5 40. Ne4 Bf4 41. g3 Bh6 42. Rxe5 Rd3 43. f4 Kf7
44. Rc5 Bf8 45. Rc3 Rd4 46. Ng5+ Kg8 47. Ne6 Rd6 48. Nxf8 Kxf8 49. Rc7 Ra6 50.
Rc2 Kf7 51. Kxd2 Kf6 52. Ke3 Ra3 53. Ke4 a5 54. g4 a4 55. Rb2 axb3 56. axb3 h6
57. h4 Ke6 58. f5+ gxf5+ 59. gxf5+ Kf6 60. b4 Rh3 61. b5 Rxh4+ 62. Kf3 Kxf5 63.
b6 Rf4+ 64. Ke3 Re4+ 65. Kd3 Re8 66. Kc4 h5 67. b7 Rb8 68. Kc5 Kg4 69. Kc6 h4
70. Kc7 Rxb7+ 71. Rxb7 h3 72. Kd6 Kg3 73. Ke5 h2 74. Rb1 Kg2 75. Kf4 h1=Q
1/2-1/2

[Event "SR 2. liga A 2006/2007"]
[Site "?"]
[Date "2006.10.14"]
[Round "1.3"]
[White "Hartl, Jan"]
[Black "Sturdik, Igor"]
[Result "1-0"]
[ECO "B03"]
[WhiteElo "2158"]
[BlackElo "2056"]
[PlyCount "81"]
[EventDate "2006.??.??"]
[TimeControl "240+2"]

{89MB, Fritz8.ctg, KAIKO-2PTA9HT0L} 1. e4 Nf6 2. e5 Nd5 3. c4 Nb6 4. d4 d6 5.
f4 dxe5 6. fxe5 Nc6 7. Be3 Bf5 8. Nc3 e6 9. Be2 Be7 10. Nf3 O-O 11. O-O f6 12.
Qe1 fxe5 13. dxe5 Nd7 14. Rd1 a6 15. Qg3 Qe8 16. Rd2 Nc5 17. Nd4 Nxd4 18. Rxd4
Rd8 19. Rfd1 Rxd4 20. Rxd4 Na4 21. Ne4 Nxb2 22. Nf6+ Bxf6 23. exf6 Rxf6 24. Bg5
Qg6 25. Qh4 h6 26. Bxf6 Qxf6 27. Qxf6 gxf6 28. Rd7 Be4 29. Rxc7 Na4 30. Bh5 e5
31. Kf2 Bc6 32. Bf7+ Kf8 33. g4 Nc3 34. a3 Nb1 35. a4 Nc3 36. a5 Ne4+ 37. Ke3
Nd6 38. Be6 Ne8 39. Rf7+ Kg8 40. Rxb7+ Kh8 41. Ra7 1-0

[Event "SR 2. liga A 2006/2007"]
[Site "?"]
[Date "2006.10.14"]
[Round "1.4"]
[White "Mosny, Jaroslav"]
[Black "Janos, Ivan"]
[Result "0-1"]
[ECO "E14"]
[WhiteElo "2054"]
[BlackElo "2133"]
[PlyCount "64"]
[EventDate "2006.??.??"]
[TimeControl "240+2"]

{89MB, Fritz8.ctg, KAIKO-2PTA9HT0L} 1. d4 Nf6 2. Nf3 e6 3. e3 b6 4. Bd3 d5 5.
O-O Bd6 6. b3 Nbd7 7. Bb2 Ne4 8. c4 Bb7 9. Nc3 O-O 10. Qe2 a6 11. Rfd1 f5 12.
Ne5 Nxe5 13. dxe5 Bxe5 14. Nxe4 dxe4 15. Bxe5 exd3 16. Rxd3 Qe7 17. Rad1 Bc6
18. Qh5 Rad8 19. h4 Rxd3 20. Rxd3 h6 21. Qg6 Rf7 22. Rd4 Be4 23. h5 $11 Bc6 24.
Qg3 Ba8 25. Qg6 Bc6 26. Qg3 Be8 27. Qf3 Qg5 28. Qg3 Qxg3 29. Bxg3 Rf8 30. Rd8
Bxh5 31. Rxf8+ Kxf8 32. Bxc7 b5 $138 0-1

[Event "SR 2. liga A 2006/2007"]
[Site "?"]
[Date "2006.10.14"]
[Round "1.5"]
[White "Michal, Silvio"]
[Black "Krist, Milan"]
[Result "0-1"]
[ECO "D33"]
[WhiteElo "2135"]
[BlackElo "2039"]
[PlyCount "80"]
[EventDate "2006.??.??"]
[TimeControl "240+2"]

{89MB, Fritz8.ctg, KAIKO-2PTA9HT0L} 1. c4 c5 2. Nc3 Nc6 3. Nf3 Nf6 4. g3 e6 5.
Bg2 d5 6. cxd5 exd5 7. d4 h6 8. O-O Bg4 9. Qa4 Qd7 10. Rd1 Bxf3 11. Bxf3 Nxd4
12. Qxd7+ Kxd7 13. Bxd5 Nxd5 14. Nxd5 Kc6 15. Nc3 Rd8 16. Bf4 Be7 17. Rac1 Ne6
18. Be3 Rxd1+ 19. Rxd1 Rd8 20. Rxd8 $11 Bxd8 21. f3 Bf6 22. Bd2 b5 23. b3 Bxc3
24. Bxc3 b4 25. Ba1 a5 26. Kf2 c4 27. bxc4 Kc5 28. e4 Kxc4 29. Ke3 a4 30. f4 g6
31. g4 a3 32. h4 Nc5 33. Bg7 h5 34. gxh5 gxh5 35. f5 Nd7 36. e5 Kd5 37. Kf4 Nc5
38. e6 fxe6 39. f6 e5+ 40. Kf5 Ne6 0-1